 Dungeon Crawl Stone Soup version 0.31.0-32-g396128a36d (webtiles) character file.

Game seed: 4744940239312549572

25783 Peloso the Fencer (level 12, 0/112 HPs)
             Began as a Minotaur Fighter on Mar 29, 2024.
             Was a High Priest of Okawaru.
             Slain by a fire elemental (7 damage)
             ... summoned by a deep elf pyromancer
             ... in a volcano.
             The game lasted 00:33:41 (15655 turns).

Peloso the Fencer (Minotaur Fighter)               Turns: 15655, Time: 00:33:41

Health: 0/112      AC: 20    Str: 20    XL:     12   Next: 92%
Magic:  11/11      EV:  8    Int:  5    God:    Okawaru [*****.]
Gold:   480        SH:  0    Dex: 20    Spells: 11/11 levels left

rFire   . . .        a - +3 long sword
rCold   + . .        d - +0 buckler
rNeg    . . .        z - +1 plate armour
rPois   .            (helmet restricted)
rElec   .            i - +0 cloak
rCorr   .            (no gloves)
SInv    +            c - +0 pair of boots
Will    +....        (no amulet) Stlth
                     w - ring "Kaxan" {Will+ Dex+4 SInv}
HPRegen 0.38/turn    m - ring of protection from cold
MPRegen 0.12/turn

%: no passive effects
@: confused, ambrosia-drunk
A: horns 2, retaliatory headbutt
a: Renounce Religion, Heroism, Finesse, Duel


You were in a volcano.
You worshipped Okawaru.
Okawaru was extremely pleased with you.
You visited 3 branches of the dungeon, and saw 15 of its levels.
You also visited: Volcano.

You collected 1020 gold pieces.
You spent 540 gold pieces at shops.

Inventory:

Hand Weapons
 a - a +3 long sword (weapon)
Armour
 b - a +0 scale mail
 c - a +0 pair of boots (worn)
 d - a +0 buckler (worn)
 i - a +0 cloak (worn)
 z - a +1 plate armour (worn)
Jewellery
 m - a ring of protection from cold (right hand)
 w - the ring "Kaxan" (left hand) {Will+ Dex+4 SInv}
   (You bought it in a shop on level 8 of the Dungeon)

   [ring of see invisible]

   Dex+4:     It affects your dexterity (+4).
   Will+:     It increases your willpower.
   SInv:      It lets you see invisible.
 B - a +5 ring of evasion
Wands
 r - a wand of roots (9)
 v - a wand of mindburst (14)
 y - a wand of digging (3)
 D - a wand of polymorph (2)
Scrolls
 e - 2 scrolls of noise
 g - 4 scrolls of fog
 j - a scroll of revelation
 l - 3 scrolls of blinking
 n - 3 scrolls of enchant armour
 o - 8 scrolls of teleportation
 C - a scroll of enchant weapon
Potions
 f - 3 potions of might
 h - 4 potions of heal wounds
 k - 10 potions of curing
 p - a potion of magic
 q - 2 potions of invisibility
 s - 4 potions of mutation
 u - 2 potions of brilliance
 x - 9 potions of ambrosia
 A - a potion of resistance
 F - a potion of berserk rage


   Skills:
 + Level 12.0 Fighting
 + Level 16.2 Long Blades
 + Level 13.9 Armour
 + Level 3.7 Dodging
 + Level 1.8 Stealth
 + Level 9.7 Shields
 + Level 1.1 Invocations
 + Level 1.6 Evocations


You had 11 spell levels left.
You didn't know any spells.
Your spell library contained the following spells:

 Spells                   Type           Power      Damage    Failure   Level
 Kiss of Death            Conj/Necr      0%         2d5       100%        1
 Magic Dart               Conj           0%         1d3       100%        1
 Sting                    Conj/Alch      0%         1d3       100%        1
 Lesser Beckoning         Tloc           0%         N/A       100%        2
 Mercury Vapours          Alch/Air       0%         N/A       100%        2
 Searing Ray              Conj           0%         2d4       100%        2
 Confusing Touch          Hex            0%         N/A       100%        3
 Gell's Gravitas          Tloc           0%         N/A       100%        3
 Ozocubu's Armour         Ice            0%         N/A       100%        3
 Teleport Other           Tloc           0%         N/A       100%        3
 Dispel Undead            Necr           0%         3d6       100%        4
 Fulminant Prism          Conj/Alch      0%         3d5       100%        4
 Olgreb's Toxic Radiance  Alch           0%         N/A       100%        4
 Metabolic Englaciation   Hex/Ice        0%         N/A       100%        5
 Summon Ice Beast         Ice/Summ       Unusable   N/A       N/A         3
 Summon Mana Viper        Hex/Summ       Unusable   N/A       N/A         5
 Sculpt Simulacrum        Ice/Alch       Unusable   N/A       N/A         6
 Monstrous Menagerie      Summ           Unusable   N/A       N/A         7

Dungeon Overview and Level Annotations

Branches:
Dungeon (11/15)            Temple (1/1) D:5            Lair (3/5) D:9
 Shoals (0/4) Lair:3        Snake (0/4) Lair:3          Orc (0/2) D:11
Volcano (1/1)

Altars:
Ashenzari
Cheibriados
Dithmenos
Elyvilon
Fedhas
Gozag
Hepliaklqana
Kikubaaqudgha
Makhleb
Nemelex Xobeh
Okawaru
Qazlal
Ru
Sif Muna
Trog
Uskayaw
Vehumet
Wu Jian
Xom
Yredelemnul
Zin
The Shining One

Shops:
D:5 [   D:8 =

Annotations:
D:3 1 runed translucent door, Crazy Yiuf
D:5 1 runed translucent door, execc's ghost, novice OpBe
D:7 1 runed translucent door


Innate Abilities, Weirdness & Mutations

You have a pair of horns on your head.
You reflexively headbutt those who attack you in melee.


Message History

The fire elemental barely misses you. You furiously retaliate!
You headbutt the fire elemental!
You destroy the fire elemental!
The fire elemental disappears in a puff of smoke!
The fire elemental hits you. The fire elemental burns you!
You hit the fire elemental but do no damage.
The fire elemental hits you. The fire elemental burns you!
The fire elemental hits you. The fire elemental burns you!
Unknown command.
You slash the fire elemental!
The fire elemental is moderately damaged.
The fire elemental hits you. The fire elemental burns you!
The fire elemental hits you. The fire elemental burns you!
Unknown command.
You slash the fire elemental!
The fire elemental is almost destroyed.
The deep elf pyromancer casts a spell at you.
The bolt of fire misses the fire elemental.
The bolt of fire hits you! The fire elemental closely misses you.
You block the fire elemental's attack.
Unknown command.
You slice the fire elemental!!
You destroy the fire elemental!
The fire elemental disappears in a puff of smoke!
The fire elemental hits you. The fire elemental burns you!
Unknown command.
You are confused.
You feel invigorated. The fire elemental hits you.
The fire elemental burns you! The fire elemental hits you.
The fire elemental burns you!
* * * LOW HITPOINT WARNING * * *
The fire elemental hits you. The fire elemental burns you!
* * * LOW HITPOINT WARNING * * *
You bump into the stone wall.
The fire elemental hits you. The fire elemental burns you!
* * * LOW HITPOINT WARNING * * *
The fire elemental hits you. The fire elemental burns you!
* * * LOW HITPOINT WARNING * * *
The fire elemental hits you. The fire elemental burns you!
You die...

## ###≈ ###≈≈≈ #
# ###≈≈≈§###e#
###≈≈§≈###..h#
###≈§§§###○'☼○☼#
###§≈≈§###.EE#
##≈≈§§###....@#
≈≈§###.....###
###.'..####
#∩..####..+
#∩.†# §..# ###.#
.§..#
§§§###.§...#
##≈≈§≈###...#
###≈§§≈###.+


You could see 2 fire elementals.

Vanquished Creatures
  A catoblepas (Lair:1)
  2 two-headed ogres
  2 boulder beetles
  An ugly thing (D:11)
  A cyclops (D:11)
  Maurice (D:7)
  A manticore (D:7)
  2 black mambas (Lair:1)
  3 elephants (Lair:2)
  2 gargoyles
  An unseen horror (D:11)
  Jeremiah (D:7)
  3 cane toads
  Maggie (D:7)
  A rime drake (Lair:2)
  A queen bee (Lair:2)
  2 komodo dragons
  2 trolls (D:11)
  3 polar bears (Lair:2)
  12 blink frogs (Lair:2)
  A slime creature (D:7)
  17 yaks
  A vampire (D:11)
  5 wyverns
  2 wraiths
  A basilisk (Lair:2)
  12 vampire mosquitoes
  2 steam dragons (D:9)
  An acid dragon (D:9)
  8 water moccasins
  3 hell hounds (Volcano)
  A sky beast (D:6)
  4 black bears
  5 ice beasts
  4 orc warriors
  An ogre (D:5)
  9 wolves
  6 centaurs
  A phantom (D:5)
  14 bullfrogs
  2 kobold brigands
  4 jellies
  A scorpion (D:6)
  5 wights (D:9)
  19 killer bees (Lair:2)
  An electric eel (Lair:1)
  6 howler monkeys
  A hound (D:6)
  8 orc priests
  2 bombardier beetles
  4 sleepcaps
  3 gnoll boudas
  5 iguanas
  5 orc wizards
  Robin (D:2)
  13 gnolls
  2 adders
  2 shadow imps
  A white imp (D:6)
  A ribbon worm (D:4)
  4 dart slugs
  34 orcs
  7 bats
  7 endoplasms
  6 giant cockroaches
  13 hobgoblins
  2 jackals (D:1)
  14 kobolds
  A quokka (D:4)
  9 ball pythons
  2 frilled lizards (D:2)
  7 goblins
  3 rats
336 creatures vanquished.

Notes
Turn   | Place    | Note
-------+----------+-------------------------------------------
     0 | D:1      | Peloso the Minotaur Fighter began the quest for the Orb.
     0 | D:1      | Reached XP level 1. HP: 19/19 MP: 0/0
   358 | D:1      | Reached XP level 2. HP: 22/27 MP: 1/1
   654 | D:1      | Reached skill level 3 in Long Blades
   793 | D:2      | Reached XP level 3. HP: 33/33 MP: 2/2
  1005 | D:2      | Noticed Robin
  1038 | D:2      | Killed Robin
  1047 | D:2      | Reached skill level 4 in Long Blades
  1230 | D:2      | Reached XP level 4. HP: 40/40 MP: 3/3
  2099 | D:3      | Found a runed translucent door.
  2100 | D:3      | Noticed Crazy Yiuf
  2162 | D:3      | Reached XP level 5. HP: 20/47 MP: 4/4
  2789 | D:4      | Reached skill level 5 in Long Blades
  2922 | D:4      | Reached skill level 1 in Dodging
  3050 | D:4      | Found an opulent altar of Gozag.
  3062 | D:4      | Found a bloodstained altar of Trog.
  3286 | D:5      | Entered Level 5 of the Dungeon
  3286 | D:5      | Noticed an ogre
  3292 | D:5      | Killed an ogre
  3293 | D:5      | Reached skill level 5 in Armour
  3293 | D:5      | Reached XP level 6. HP: 33/53 MP: 5/5
  3355 | D:5      | Noticed an ice beast
  3367 | D:5      | Killed an ice beast
  3368 | D:5      | Reached skill level 6 in Long Blades
  3480 | D:5      | Reached skill level 5 in Fighting
  3480 | D:5      | Reached XP level 7. HP: 33/61 MP: 6/6
  3541 | D:5      | Reached skill level 7 in Long Blades
  3824 | D:5      | Found a staircase to the Ecumenical Temple.
  3843 | Temple   | Entered the Ecumenical Temple
  3854 | Temple   | Became a worshipper of Warmaster Okawaru
  3996 | D:5      | Reached skill level 8 in Long Blades
  4255 | D:5      | Found a runed translucent door.
  4261 | D:5      | Noticed execc's ghost (novice OpBe)
  4401 | D:5      | Noticed a wraith
  4413 | D:5      | Killed a wraith
  4413 | D:5      | Reached * piety under Okawaru
  4414 | D:5      | Reached skill level 5 in Shields
  4414 | D:5      | Reached XP level 8. HP: 23/70 MP: 7/7
  4849 | D:5      | Found Xenk's Armour Shoppe.
  5161 | D:6      | Reached skill level 9 in Long Blades
  5376 | D:6      | Reached ** piety under Okawaru
  5377 | D:6      | Reached skill level 10 in Long Blades
  5377 | D:6      | Reached XP level 9. HP: 46/78 MP: 8/8
  5764 | D:7      | Reached skill level 1 in Stealth
  5821 | D:7      | Identified the +1 robe of the Sun {Harm +Blink rF+}
  5850 | D:7      | Noticed Maggie
  5936 | D:7      | Killed Maggie
  6147 | D:7      | Noticed a manticore
  6190 | D:7      | Killed a manticore
  6191 | D:7      | Reached skill level 11 in Long Blades
  6192 | D:7      | Noticed a boulder beetle
  6218 | D:7      | Reached *** piety under Okawaru
  6318 | D:7      | Killed a boulder beetle
  6319 | D:7      | Reached XP level 10. HP: 33/86 MP: 9/9
  6818 | D:7      | Noticed Jeremiah
  6823 | D:7      | Found a runed translucent door.
  6858 | D:7      | Killed Jeremiah
  7102 | D:7      | Noticed Maurice
  7335 | D:7      | Maurice stole 170 gold
  7345 | D:7      | Something stole 234 gold
  7358 | D:7      | Killed Maurice
  7359 | D:7      | Reached skill level 10 in Armour
  7631 | D:8      | Reached skill level 1 in Evocations
  7640 | D:8      | Reached skill level 12 in Long Blades
  7650 | D:8      | Reached **** piety under Okawaru
  7840 | D:8      | Found Kinuoku's Jewellery Emporium.
  8098 | D:8      | Found a shimmering blue altar of Sif Muna.
  8497 | D:9      | Reached skill level 13 in Long Blades
  8723 | D:9      | Reached ***** piety under Okawaru
  8852 | D:9      | Noticed a two-headed ogre
  8861 | D:9      | Killed a two-headed ogre
  8866 | D:9      | Reached XP level 11. HP: 88/95 MP: 8/10
  8990 | D:9      | Found a staircase to the Lair.
  9460 | D:9      | Noticed a +0 falchion
  9461 | D:9      | Noticed a +0 falchion
  9461 | D:9      | Noticed a +0 dagger
  9461 | D:9      | Noticed a +0 dagger
  9462 | D:9      | Noticed a +0 short sword
  9462 | D:9      | Noticed a +0 spear
  9463 | D:9      | Noticed a +0 spear
  9464 | D:9      | Found a hide-covered altar of Uskayaw.
  9464 | D:9      | Noticed a +0 short sword
  9914 | D:8      | Bought the ring "Kaxan" {Will+ Dex+4 SInv} for 540 gold
                  | pieces
  9950 | D:10     | Entered Level 10 of the Dungeon
  9988 | D:10     | Found a sparkling altar of Nemelex Xobeh.
 10071 | D:10     | Found an ornate altar of the Wu Jian Council.
 10110 | D:10     | Found a glowing golden altar of the Shining One.
 10271 | D:10     | Reached skill level 14 in Long Blades
 10492 | D:10     | Noticed a two-headed ogre
 10501 | D:10     | Killed a two-headed ogre
 10843 | D:11     | Noticed a boulder beetle
 10889 | D:10     | Killed a boulder beetle
 11552 | D:11     | Received a gift from Okawaru
 11612 | D:11     | Found a shimmering altar of Xom.
 11786 | D:11     | Reached skill level 10 in Fighting
 11889 | D:11     | Noticed a brown ugly thing
 11900 | D:11     | Killed a brown ugly thing
 12097 | D:11     | Identified the +0 leather armour of Vaefylyu {^Contam MP+9
                  | Int+2}
 12163 | D:11     | Found a staircase to the Orcish Mines.
 12481 | Lair:1   | Entered Level 1 of the Lair of Beasts
 12498 | Lair:1   | Reached skill level 15 in Long Blades
 12554 | Lair:1   | Noticed a catoblepas
 12593 | Lair:1   | Killed a catoblepas
 12804 | Lair:1   | You fall into a shaft and drop 1 floor!
 12812 | Lair:2   | Reached XP level 12. HP: 107/107 MP: 11/11
 12880 | Lair:2   | Received a gift from Okawaru
 13116 | Lair:1   | Reached skill level 1 in Invocations
 13279 | Lair:1   | Identified the +1 rapier of Autumn {freeze, ^Contam rN+
                  | rCorr}
 14071 | Lair:2   | Received a gift from Okawaru
 14590 | Lair:2   | Reached skill level 16 in Long Blades
 15010 | Lair:2   | Received a gift from Okawaru
 15605 | Lair:3   | Found a dark tunnel.
 15614 | Volcano  | Entered a volcano
 15655 | Volcano  | Slain by a fire elemental

Illustrated notes

Levels and vault maps discovered:
D:1:      minmay_arrival_four_loops, layout_basic
D:2:      minmay_inner_zag, layout_loops_corners, uniq_robin
D:3:      layout_basic, uniq_crazy_yiuf_cottage
D:4:      layout_cave_pools, mainiacjoe_overflow_divided_tiny,
          kennysheep_generic_room_6
D:5:      nicolae_cairo_tiling_large, layout_loops_cross,
          minmay_temple_entry_sparse_star, ebering_ghost_sewer_d, serial_shops,
          shop, kennysheep_generic_room_12
D:6:      layout_rooms
D:7:      minmay_chambers_of_sixes, layout_cave_pools, lightli_church_of_beogh,
          uniq_maurice, uniq_jeremiah, uniq_maggie
D:8:      layout_basic, led_sif_pool, serial_shops, shop, dk_noncrumbling_4
D:9:      layout_loops_corners, nicolae_uskayaw_en_pointe,
          due_lair_maze_entry_diamond
D:10:     layout_irregular_city, lemuel_doored_altar,
          pdpol_wu_jian_five_deadly_venoms, mainiacjoe_overflow_cross_hatched,
          minmay_statues_item
D:11:     layout_gridville, orc_0_dummy, hangedman_decor_clover_reticule,
          nicolae_concentric_dashed_squares_mild, xom_teletrap_fun
Temple:   eino_wide_crystal_templ
Lair:1:   layout_roguey, infiniplex_staircase_pool
Lair:2:   layout_layer_cave, special_room [special_room_bee],
          beast_lair_carwin_8, lemuel_fruit_fields, lemuel_fruit_fields
Lair:3:   layout_roguey, minmay_shoals_entry_lonely_mermaid,
          minmay_snake_entry_six_corridors, nicolae_volcano_entry_lava_flow,
          minmay_holes
Volcano:  hellmonk_pyromancer_palace

Skill      XL: |  1  2  3  4  5  6  7  8  9 10 11 12 |
---------------+-------------------------------------+-----
Armour         | 4 5 6 7 9 11 12 13 | 13.9
Fighting       | 4 5 6 7 8 10 12 | 12.0
Long Blades    | 3 4 5 6 8 10 11 13 15 16 | 16.2
Shields        | 4 5 6 7 8 9 |  9.7
Dodging        | 1 2 3 |  3.7
Stealth        | 1 |  1.8
Evocations     | 1 |  1.6
Invocations    | 1 |  1.1

Action                     |  1- 3 |  4- 6 |  7- 9 | 10-12 || total
---------------------------+-------+-------+-------+-------++-------
  Melee: Long sword        |    95 |   122 |   310 |   899 ||  1426
         Headbutt          |    22 |    24 |    79 |   213 ||   338
 Invoke: Heroism           |       |       |     2 |     8 ||    10
  Evoke: Wand              |       |     1 |     1 |    14 ||    16
    Use: Scroll            |     3 |     3 |     4 |    12 ||    22
         Potion            |     2 |       |     1 |     5 ||     8
 Armour: Scale mail        |    63 |    60 |       |       ||   123
         Chain mail        |       |    19 |   244 |    82 ||   345
         Plate armour      |       |       |       |   631 ||   631
  Dodge: Dodged            |    53 |    53 |    95 |   295 ||   496
  Block: Buckler           |    31 |    32 |    88 |   255 ||   406
